 Dungeon Crawl Stone Soup version 0.18.1-1-g2f07953 (webtiles) character file.

114 Eucla the Magician (level 4, -2/27 HPs)
             Began as an Octopode Wizard on May 9, 2016.
             Slain by an orc
             ... wielding a +0 short sword
              (3 damage)
             ... on level 4 of the Dungeon.
             The game lasted 00:05:32 (2829 turns).

Eucla the Magician (Octopode Wizard)                Turns: 2829, Time: 00:05:32

Health: -2/27      AC:  1    Str:  6    XL:     4   Next: 97%
Magic:  2/9        EV: 12    Int: 21    God:
Gold:   132        SH:  0    Dex: 10    Spells: 4 memorised, 1 level left

rFire  . . .     SeeInvis .     f - -1 dagger (curse)
rCold  . . .     Gourm    .     (no shield)
rNeg   . . .     Faith    .     a - +0 hat
rPois  .         Spirit   .     (no amulet)
rElec  .         Dismiss  .     (no ring)
rCorr  .         Reflect  .     (no ring)
SustAt .         Harm     .     (no ring)
MR     .....                    (no ring)
Stlth  +++.......               (no ring)
                                (no ring)
                                (no ring)
                                (no ring)

@: very slightly contaminated, hasted, very quick, not resistant to hostile
enchantments, fairly stealthy
A: almost no armour, amphibious, 8 rings, constrict 8, camouflage 1, gelatinous
body 1
a: no special abilities


You were on level 4 of the Dungeon.
You were not hungry.

You visited 1 branch of the dungeon, and saw 4 of its levels.

You collected 132 gold pieces.

Inventory:

Hand Weapons
 f - a cursed -1 dagger (weapon)
 w - a +0 spear
Armour
 a - a +0 hat (worn)
 h - a +2 buckler
Jewellery
 q - an uncursed amulet of guardian spirit
Wands
 v - a wand of digging (8/24)
Scrolls
 d - a scroll of enchant weapon {unknown}
 e - 4 scrolls of amnesia {unknown}
 i - a scroll of blinking {unknown}
 k - 4 scrolls of identify {unknown}
 r - a scroll of remove curse {unknown}
 y - a scroll of teleportation {unknown}
 z - a scroll of immolation {unknown}
Potions
 g - a potion of heal wounds {unknown}
 j - a potion of resistance
 n - a potion of curing {unknown}
 o - a potion of ambrosia {unknown}
 p - a potion of magic {unknown}
 u - a potion of brilliance {unknown}
Books
 b - a book of Minor Magic

   Spells                             Type                      Level
   a - Magic Dart                     Conjuration                  1
   b - Blink                          Translocation                2
   c - Call Imp                       Summoning                    2
   d - Repel Missiles                 Charms/Air                   2
   e - Slow                           Hexes                        2
   f - Conjure Flame                  Conjuration/Fire             3
   g - Mephitic Cloud                 Conjuration/Poison/Air       3
Comestibles
 c - a bread ration
 s - 2 fruits
 t - a meat ration


   Skills:
 - Level 2.0 Dodging
 - Level 2.6 Stealth
 + Level 3.9 Spellcasting
 * Level 2.2 Conjurations
 - Level 1.0 Summonings
   Level 1.0 Translocations
 * Level 2.0 Fire Magic
 * Level 1.4 Air Magic


You had one spell level left.
You knew the following spells:

 Your Spells              Type           Power        Failure   Level  Hunger
a - Magic Dart            Conj           ##..         6%          1    None
b - Call Imp              Summ           #.......     14%         2    #......
c - Conjure Flame         Conj/Fire      ##......     17%         3    ###....
d - Mephitic Cloud        Conj/Pois/Air  #.......     24%         3    ###....


Dungeon Overview and Level Annotations

Branches:
Dungeon (4/15)
 Temple: D:4-7

Altars:
Ashenzari
Okawaru
Ru


Innate Abilities, Weirdness & Mutations

You cannot wear most types of armour.
You are amphibious.
You can wear up to eight rings at the same time.
You can use your tentacles to constrict eight enemies at once.
Your skin changes colour to match your surroundings (Stealth).
Your rubbery body absorbs attacks (AC +1).


Message History

* * * LOW HITPOINT WARNING * * *
The orc misses you.
The orc wizard hits you but does no damage.
You are very lightly contaminated with residual magic.
Unknown command.
You hit the orc wizard.
The orc wizard is severely wounded.
You constrict the orc wizard, but do no damage.
The orc hits you but does no damage.
The orc wizard casts a spell.
The orc wizard struggles to blink free from constriction.
Unknown command.
You hit the orc wizard.
The orc wizard is severely wounded.
You constrict the orc wizard. The orc wizard casts a spell at you.
The magic dart hits you!
* * * LOW HITPOINT WARNING * * *
The orc hits you with a short sword.
You die...

.
..>.#########
......ooo@o.#
....#######.#
. #.# #.# #o#
#.# ##.######
#.....o.# #+
#.#####.#


You could see an orc wizard and 3 orcs.

Vanquished Creatures
  Jessica (D:3)
  Ijyb (D:3)
  An adder (D:2)
  A worm (D:3)
  A dart slug (D:3)
  2 giant geckos (D:3)
  An orc (D:4)
  5 bats
  A giant cockroach (D:1)
  5 goblins
  3 hobgoblins
  4 jackals
  A quokka (D:2)
  A giant newt (D:2)
  10 kobolds
  5 rats
43 creatures vanquished.

Vanquished Creatures (collateral kills)
  A worm (D:2)
1 creature vanquished.

Grand Total: 44 creatures vanquished

Notes
Turn   | Place    | Note
--------------------------------------------------------------
     0 | D:1      | Eucla the Octopode Wizard began the quest for the Orb.
     0 | D:1      | Reached XP level 1. HP: 11/11 MP: 4/4
   300 | D:1      | Reached XP level 2. HP: 13/17 MP: 0/6
   335 | D:1      | Learned a level 2 spell: Call Imp
   714 | D:2      | Found an iron altar of Okawaru.
  1048 | D:2      | Reached XP level 3. HP: 21/21 MP: 4/8
  1053 | D:2      | Learned a level 3 spell: Conjure Flame
  1057 | D:2      | Learned a level 3 spell: Mephitic Cloud
  1175 | D:2      | Found a sacrificial altar of Ru.
  1225 | D:2      | Reached skill level 1 in Fire Magic
  1905 | D:3      | Noticed Ijyb
  1911 | D:3      | Killed Ijyb
  1911 | D:3      | Reached skill level 1 in Air Magic
  1911 | D:3      | Reached XP level 4. HP: 27/27 MP: 0/9
  2151 | D:3      | Noticed Jessica
  2156 | D:3      | Killed Jessica
  2507 | D:3      | Found a shattered altar of Ashenzari.
  2829 | D:4      | HP: 1/27 [orc wizard/magic dart (4)]
  2829 | D:4      | Slain by an orc

Skill      XL: |  1  2  3  4 |
---------------+-------------+-----
Fire Magic     | 1 2 |  2.0
Conjurations   | 2 |  2.2
Air Magic      | 1 |  1.4
Dodging        | |  2.0
Stealth        | |  2.6
Spellcasting   | |  3.9
Summonings     | |  1.0
Translocations | |  1.0

Action                   |  1- 3 |  4- 6 || total
-------------------------+-------+-------++-------
Melee: Dagger            |     6 |    12 ||    18
       Constrict         |     3 |     2 ||     5
       Tentacles         |       |     1 ||     1
 Cast: Magic Dart        |    76 |    47 ||   123
       Conjure Flame     |     2 |     2 ||     4
       Mephitic Cloud    |     1 |       ||     1
       Call Imp          |     1 |       ||     1
  Use: Potion            |       |     1 ||     1
  Eat: Chunk             |     2 |     3 ||     5
       Pizza             |       |     1 ||     1
Armor: Skin              |     3 |     2 ||     5
Dodge: Dodged            |    22 |     8 ||    30
